 Dungeon Crawl Stone Soup version 0.29.1-15-g9cfb28693d (webtiles) character file.

Game seed: 1264366925162088333

654 manyhoops the Trooper (level 7, -3/75 HPs)
             Began as an Octopode Transmuter on Apr 8, 2023.
             Slain by Duvessa
             ... wielding a +0 rapier
              (15 damage)
             ... on level 4 of the Dungeon.
             The game lasted 00:05:05 (4029 turns).

manyhoops the Trooper (Octopode Transmuter)         Turns: 4029, Time: 00:05:06

Health: -3/75      AC: 30    Str: 19 (20) XL:     7   Next: 54%
Magic:  19/19      EV:  2    Int: 14 (15) God:
Gold:   129        SH:  0    Dex: 12 (13) Spells: 7/10 levels left

rFire   . . .      SeeInvis +   f - +4 dagger of Ydaveheul {protect, Will++ MP+9 Str+3 SInv}
rCold   . . .      Faith    .   (no shield)
rNeg    . . .      Spirit   .   (helmet currently unavailable)
rPois   +          Reflect  .   (no amulet)
rElec   .          Harm     .   j - +6 ring of strength
rCorr   .          Rampage  .   (no ring)
Will    ++...      NoTele   +   (no ring)
Stlth   +++.......              (no ring)
HPRegen 0.22/turn               (no ring)
MPRegen 0.16/turn               (no ring)
                                (no ring)
                                (no ring)

@: tree-form, under a protective aura
A: stationary, stasis, torment immunity, boosted hp, almost no armour,
(amphibious), 8 rings, (camouflage 1), (gelatinous body 1), (nimble swimmer 1),
(tentacles)
a: no special abilities


You were on level 4 of the Dungeon.
You were a tree.
You visited 1 branch of the dungeon, and saw 4 of its levels.

You collected 129 gold pieces.

Inventory:

Hand Weapons
 f - the +4 dagger of Ydaveheul (weapon) {protect, Will++ MP+9 Str+3 SInv}
   (You took it off a hobgoblin on level 2 of the Dungeon)

   It grants its wielder temporary protection when it strikes (+7 to AC).
   Str:       It affects your strength (+3).
   MP:        It affects your magic capacity (+9).
   SInv:      It lets you see invisible.
   Will:      It greatly increases your willpower.
Jewellery
 j - a +6 ring of strength (left branch)
Wands
 k - a wand of iceblast (8)
Scrolls
 c - a scroll of brand weapon {unknown}
 d - a scroll of fear
 g - a scroll of amnesia {unknown}
 h - a scroll of enchant weapon {unknown}
 l - a scroll of identify {unknown}
 m - a scroll of poison {unknown}
 n - a scroll of enchant armour {unknown}
 p - a scroll of teleportation {unknown}
Potions
 b - a potion of degeneration
 i - 3 potions of cancellation {unknown}
 o - a potion of attraction {unknown}


   Skills:
 + Level 5.4 Fighting
 - Level 2.0 Dodging
 - Level 5.2 Stealth
 - Level 3.5 Unarmed Combat
 - Level 2.0 Spellcasting
 - Level 4.2 Transmutations


You had 7 spell levels left.
You knew the following spells:

 Your Spells              Type           Power      Damage    Failure   Level
a - Beastly Appendage     Tmut           26%        N/A       4%          1
b - Wereblood             Tmut           13%        N/A       6%          2

Your spell library contained the following spells:

 Spells                   Type           Power      Damage    Failure   Level
 Spider Form              Tmut/Pois      7%         N/A       30%         3
 Ice Form                 Ice/Tmut       7%         N/A       69%         4


Dungeon Overview and Level Annotations

Branches:
Dungeon (4/15)
 Temple: D:4-7

Altars:

Shops:
D:3 =

Annotations:
D:4 Duvessa


Innate Abilities, Weirdness & Mutations

You are a tree.
Your roots penetrate the ground, keeping you stationary.
You cannot be teleported.
You are immune to unholy pain and torment.
Your maximum health is greatly increased.
You cannot wear most types of armour.
((You are amphibious.))
You can wear up to eight rings at the same time.
((Your skin changes colour to match your surroundings (Stealth+).))
((Your rubbery body absorbs attacks. (AC +1, EV +1)))
((You are camouflaged when in or above water. (Stealth+)))
((You have tentacles for arms and can constrict up to eight enemies at once.))


Message History

You feel better. Duvessa hits you but does no damage.
Unknown command.
You hit Duvessa.
Duvessa is moderately wounded.
Duvessa completely misses you. Duvessa hits you but does no damage.
Unknown command.
You closely miss Duvessa.
Duvessa is moderately wounded.
Duvessa hits you but does no damage.
You hit Duvessa.
Duvessa is moderately wounded.
Duvessa hits you with a +0 rapier.
* * * LOW HITPOINT WARNING * * *
Duvessa completely misses you.
You hit Duvessa but do no damage.
Duvessa is moderately wounded.
Duvessa hits you but does no damage.
You hit Duvessa but do no damage.
Duvessa is moderately wounded.
Duvessa hits you but does no damage. x2
You hit Duvessa.
Duvessa is moderately wounded.
Duvessa hits you with a +0 rapier!
* * * LOW HITPOINT WARNING * * *
You feel better. Duvessa hits you but does no damage. x2
Okay, then.
You hit Duvessa.
Duvessa is moderately wounded.
Duvessa hits you but does no damage.
You barely miss Duvessa.
Duvessa is moderately wounded.
Duvessa hits you but does no damage. x2
You closely miss Duvessa. You punch Duvessa, but do no damage.
Duvessa is moderately wounded.
Duvessa hits you but does no damage.
It was a potion of degeneration.
There was something very wrong with that liquid.
You feel weakened.
You feel dopey.
You feel clumsy. Duvessa hits you with a +0 rapier!
You die...

#.# #.# #.# #.# ###
##### ##.# #.. ...##
...# #.#####...##
#### #.##.......#
#.##.##....#
#########.##.###♣#.#
..........##.# #e# #
.......).....# #.#
############## #.#
### ..# ..# ###
..########.###
........)....#
#........###.#


You could see Duvessa (berserk).

Vanquished Creatures
  A phantom (D:4)
  Blork the orc (D:4)
  A bullfrog (D:4)
  Dowan (D:4)
  A howler monkey (D:4)
  3 hounds
  A jelly (D:4)
  An orc priest (D:4)
  Crazy Yiuf (D:3)
  An orc wizard (D:3)
  An iguana (D:4)
  4 adders
  4 worms
  5 dart slugs
  7 orcs
  8 ball pythons
  5 bats
  8 endoplasms
  4 giant cockroaches
  6 goblins
  6 hobgoblins
  2 jackals (D:2)
  5 quokkas
  A frilled lizard (D:1)
  11 kobolds
  5 rats (D:2)
94 creatures vanquished.

Vanquished Creatures (others)
  A fungus (D:3)
1 creature vanquished.

Grand Total: 95 creatures vanquished

Notes
Turn   | Place    | Note
-------+----------+-------------------------------------------
     0 | D:1      | manyhoops the Octopode Transmuter began the quest for the
                  | Orb.
     0 | D:1      | Reached XP level 1. HP: 13/13 MP: 3/3
    28 | D:1      | Reached skill level 1 in Stealth
   207 | D:1      | Reached XP level 2. HP: 14/18 MP: 5/5
  1006 | D:1      | Reached XP level 3. HP: 20/23 MP: 6/6
  1552 | D:2      | Identified the +4 dagger of Ydaveheul {protect, Will++ MP+9
                  | Str+3 SInv}
  1593 | D:2      | Found a faded altar of an unknown god.
  1840 | D:2      | Reached XP level 4. HP: 26/28 MP: 7/7
  2657 | D:3      | Reached XP level 5. HP: 31/33 MP: 8/8
  2682 | D:3      | Found Ulydgh's One-of-a-Kind Rings.
  2850 | D:3      | Learned a level 2 spell: Wereblood
  3132 | D:3      | Found a runed translucent door.
  3133 | D:3      | Noticed Crazy Yiuf
  3371 | D:3      | Killed Crazy Yiuf
  3552 | D:4      | Reached XP level 6. HP: 36/39 MP: 9/9
  3618 | D:4      | Reached skill level 5 in Stealth
  3675 | D:4      | Reached XP level 7. HP: 41/48 MP: 10/10
  3928 | D:4      | Noticed Blork the orc
  3938 | D:4      | Killed Blork the orc
  3939 | D:4      | Reached skill level 5 in Fighting
  3997 | D:4      | Noticed Dowan
  3999 | D:4      | Noticed Duvessa
  4002 | D:4      | Killed Dowan
  4009 | D:4      | HP: 1/75 [Duvessa/+0 rapier (10)]
  4029 | D:4      | Slain by Duvessa

Illustrated notes

Levels and vault maps discovered:
D:1:      minmay_arrival_doors, layout_loops_corners
D:2:      layout_rooms, hellmonk_ecumenical_altar_heavens_door
D:3:      layout_rooms, serial_co_window_serial, co_window_paths_b,
          co_window_of_opportunity_a, co_window_paths_b,
          co_window_of_opportunity_a, co_window_paths_b, co_window_paths_a,
          co_window_corner_b, co_window_corner_cb, co_window_unsneaky_path_c,
          co_window_unsneaky_path_a, co_window_2corner, co_window_2corner,
          co_window_paths_d, co_window_4corner_b, nicolae_shop_unique_rings,
          uniq_crazy_yiuf_cottage
D:4:      layout_loops_ring, mainiacjoe_overflow_alcove_1,
          cheibrodos_sewer_entry_bend, uniq_menkaure, uniq_duvessa,
          uniq_blork_the_orc

Skill      XL: |  1  2  3  4  5  6  7 |
---------------+----------------------+-----
Stealth        | 2 3 4 5 |  5.2
Transmutations | 3 4 |  4.2
Fighting       | 2 4 5 |  5.4
Dodging        | |  2.0
Unarmed Combat | |  3.5
Spellcasting   | |  2.0

Action                   |  1- 3 |  4- 6 |  7- 9 || total
-------------------------+-------+-------+-------++-------
Melee: Unarmed           |    62 |       |       ||    62
       Constrict         |    22 |    21 |     6 ||    49
       Tentacles         |    10 |    15 |     4 ||    29
       Punch             |     2 |     2 |     2 ||     6
       Kick              |    13 |    23 |     7 ||    43
       Dagger            |    13 |    80 |    35 ||   128
 Cast: Beastly Appendage |    19 |    10 |     4 ||    33
       Wereblood         |       |     1 |       ||     1
  Use: Scroll            |       |     1 |       ||     1
       Potion            |       |       |     7 ||     7
 Stab: Sleeping          |     9 |    11 |     2 ||    22
       Distracted        |       |     1 |       ||     1
Armor: Skin              |     9 |    12 |    23 ||    44
Dodge: Dodged            |    50 |    31 |    16 ||    97
